 Seeded DCSS version 0.29.1-14-g9c671dbff4 (webtiles) character file.

Game seed: 1568925220260594985 (custom seed)

4 a11behringer the Chopper (level 1, 0/20 HPs)
             Began as a Minotaur Berserker on Feb 14, 2023.
             Was a Follower of Trog.
             Slain by a frilled lizard (1 damage)
             ... on level 1 of the Dungeon.
             The game lasted 00:00:33 (154 turns).

a11behringer the Chopper (Minotaur Berserker)        Turns: 154, Time: 00:00:33

Health: 0/20       AC:  2    Str: 21    XL:     1   Next: 50%
Magic:  0/0        EV: 12    Int:  4    God:    Trog [*.....]
Gold:   0          SH:  0    Dex:  9    Spells: 0/0 levels left

rFire   . . .      SeeInvis .   a - +0 hand axe
rCold   . . .      Faith    .   (no shield)
rNeg    . . .      Spirit   .   b - +0 animal skin
rPois   .          Reflect  .   (helmet restricted)
rElec   .          Harm     .   (no cloak)
rCorr   .          Rampage  .   (no gloves)
Will    .....                   (no boots)
Stlth   +.........              (no amulet)
HPRegen 0.06/turn               (no ring)
MPRegen 0.07/turn               (no ring)

@: no status effects
A: horns 2, retaliatory headbutt
a: Renounce Religion, Berserk


You were on level 1 of the Dungeon.
You worshipped Trog.
Trog was aware of your devotion.
You visited 1 branch of the dungeon, and saw 1 of its levels.

Inventory:

Hand Weapons
 a - a +0 hand axe (weapon)
Armour
 b - a +0 animal skin (worn)


   Skills:
 + Level 3.8 Fighting
 * Level 3.8 Axes
 + Level 2.4 Armour
 + Level 2.2 Dodging


You couldn't memorise any spells.
You didn't know any spells.
Your spell library was empty.

Dungeon Overview and Level Annotations

Branches:
Dungeon (1/15)

Altars:

Annotations:
D:1 1 transporter


Innate Abilities, Weirdness & Mutations

You have a pair of horns on your head.
You reflexively headbutt those who attack you in melee.


Message History

You furiously retaliate!
You headbutt the hobgoblin. You hit the hobgoblin.
You kill the hobgoblin!
Trog accepts your kill.
No target in view!
No target in view!
A gnoll and a frilled lizard come into view.
The gnoll shouts!
The frilled lizard hisses angrily.
You hear a shout!
A bat comes into view.
A kobold comes into view. It is wielding a +0 whip.
You see here a hobgoblin corpse.
The bat barely misses you. The gnoll completely misses you.
You hit the gnoll.
The gnoll is moderately wounded.
The bat hits you but does no damage. The gnoll barely misses you.
An endoplasm comes into view.
You hit the gnoll. Your headbutt misses the gnoll.
The gnoll is heavily wounded.
The bat hits you but does no damage. The gnoll hits you with a +0 club.
You barely miss the gnoll.
The gnoll is heavily wounded.
You hit the kobold.
You kill the kobold!
Trog accepts your kill. The bat barely misses you. The gnoll barely misses you.
You closely miss the gnoll.
The gnoll is heavily wounded.
The gnoll hits you with a +0 club. The bat barely misses you.
You barely miss the gnoll.
The gnoll is heavily wounded.
You hit the bat.
You kill the bat!
Trog accepts your kill. The gnoll hits you with a +0 club.
The frilled lizard bites you.
* * * LOW HITPOINT WARNING * * *
The gnoll hits you with a +0 club.
* * * LOW HITPOINT WARNING * * *
The frilled lizard attacks as you move away!
The frilled lizard bites you.
You die...

###... #.# #.# ....# #.#
#.# #..### #.# #.#
####....#####.# #.#
####....#..#.....#####..
##....##.##...##.........
#..#.....†...####..##.#.#
......J.......# #...##.#.
###..gl@...#...#....##.#
#......########.#.....##©
#...... .#.#######
#...... #.. #### .......
... ..##© #...... .. ...
## #...... ... ....... #.


You could see a gnoll, an endoplasm and a frilled lizard.

Vanquished Creatures
  An endoplasm (D:1)
  A hobgoblin (D:1)
  A bat (D:1)
  A kobold (D:1)
4 creatures vanquished.

Notes
Turn   | Place    | Note
-------+----------+-------------------------------------------
     0 | D:1      | a11behringer the Minotaur Berserker began the quest for the
                  | Orb.
     0 | D:1      | Reached XP level 1. HP: 19/19 MP: 0/0
   152 | D:1      | HP: 1/20 [gnoll/+0 club (5)]
   154 | D:1      | Slain by a frilled lizard

Illustrated notes

Levels and vault maps discovered:
D:1:      spicycebolla_arrival_risky_transporter, layout_basic,
          basic_ecumenical_altar, minmay_misc_feat_four_crosses

Action                   || total
-------------------------++-------
Melee: Hand axe          ||     8
Armor: Animal skin       ||     2
Dodge: Dodged            ||     8
